 Dungeon Crawl Stone Soup version 0.21.1-1-g345015f (webtiles) character file.

42357 troglodite the Fighter (level 13, -3/106 HPs)
             Began as a Demonspawn Berserker on June 7, 2018.
             Was a High Priest of Trog.
             Killed from afar by an ogre mage (9 damage)
             ... with a bolt of fire
             ... on level 2 of the Orcish Mines.
             The game lasted 00:39:09 (15108 turns).

troglodite the Fighter (Demonspawn Berserker)      Turns: 15108, Time: 00:39:09

Health: -3/106     AC: 20    Str: 18    XL:     13   Next: 85%
Magic:  0/13       EV: 12    Int:  9    God:    Trog [*****.]
Gold:   1145       SH:  8    Dex: 17    Spells: 12/12 levels left

rFire    + . .     SeeInvis .   B - +7 hand axe of Irrepressible Laughter {drain, rElec rPois Stlth+}
rCold    + + .     Gourm    .   Q - +2 buckler {rC+}
rNeg     . . .     Faith    .   E - +0 plate armour
rPois    +         Spirit   +   (helmet unavailable)
rElec    +         Reflect  .   z - +0 cloak
rCorr    .         Harm     .   (no gloves)
MR       +....                  t - +2 pair of boots
Stlth    ..........             k - amulet of regeneration
HPRegen  0.67/turn              L - ring of protection from magic
MPRegen  0.26/turn              N - ring of protection from fire

@: slowed, very slow
A: horns 3, repulsion field 1, cold resistance 1, magic shield, magic
regeneration
a: Berserk, Trog's Hand, Brothers in Arms, Burn Spellbooks, Renounce Religion


You were on level 2 of the Orcish Mines.
You worshipped Trog.
Trog was extremely pleased with you.
You were very hungry.

You visited 2 branches of the dungeon, and saw 14 of its levels.
You also visited: Ice Cave.

You collected 1371 gold pieces.
You spent 226 gold pieces at shops.

Inventory:

Hand Weapons
 a - a +1 falchion
 B - the +7 hand axe of Irrepressible Laughter (weapon) {drain, rElec rPois Stlth+}
   (You bought it in a shop on level 6 of the Dungeon)

   A truly terrible weapon, it drains the life of those it strikes.
   It insulates you from electricity.
   It protects you from poison.
   It makes you more stealthy.
 I - a +0 long sword of draining
 M - a +0 broad axe of chopping
Armour
 t - a +2 pair of boots (worn)
 z - a +0 cloak (worn)
 E - a +0 plate armour (worn)
 Q - a +2 buckler of cold resistance (worn)
Jewellery
 k - an amulet of regeneration (around neck)
 v - an uncursed ring of stealth
 L - a ring of protection from magic (left hand)
 N - a ring of protection from fire (right hand)
Wands
 d - a wand of iceblast (29)
 l - a wand of disintegration (8)
 r - a wand of flame (29)
 s - a wand of random effects (45)
 x - a wand of polymorph (13)
 F - a wand of clouds (5)
 K - a wand of digging (15)
 O - a wand of scattershot (8)
 P - a wand of acid (7)
Scrolls
 b - a scroll of immolation {unknown}
 h - 3 scrolls of fear {unknown}
 i - 4 scrolls of teleportation
 o - 6 scrolls of remove curse
 q - 2 scrolls of noise {unknown}
 y - a scroll of blinking {unknown}
 A - 4 scrolls of enchant weapon
 C - a scroll of magic mapping {unknown}
 D - a scroll of fog {unknown}
 H - 7 scrolls of identify
 J - a scroll of enchant armour {unknown}
Potions
 e - 2 potions of cancellation
 f - 8 potions of curing
 g - 5 potions of heal wounds
 j - 5 potions of magic
 m - 2 potions of invisibility
 n - a potion of haste
 p - 2 potions of ambrosia
 u - 2 potions of might
 w - 2 potions of flight
Comestibles
 c - 20 rations
 G - 12 chunks of flesh


   Skills:
 * Level 11.4 Fighting
 + Level 6.3 Long Blades
 + Level 10.6 Axes
 * Level 11.3 Armour
 * Level 8.7 Dodging
 + Level 2.0 Stealth
 * Level 7.4 Shields


You had 12 spell levels left.
You didn't know any spells.

Dungeon Overview and Level Annotations

Branches:
Dungeon (12/15)            Temple (0/1) D:6            Lair (0/6) D:11
    Orc (2/2) D:12            Elf (0/3) Orc:2

Altars:
Ashenzari
Dithmenos
Nemelex Xobeh
Okawaru
Qazlal
Trog
Uskayaw
Vehumet
Yredelemnul

Shops:
D:5 !   D:6 %%([


Innate Abilities, Weirdness & Mutations

You have a pair of large horns on your head.
You are surrounded by a mild repulsion field. (EV +2)
Your flesh is cold resistant. (rC+)
When hurt, damage is shared between your health and your magic reserves.
You regenerate magic rapidly.


Message History

You headbutt the two-headed ogre!
The two-headed ogre is moderately wounded.
The two-headed ogre barely misses you. x2
Unknown command.
You hit the two-headed ogre. You headbutt the two-headed ogre!
The two-headed ogre is heavily wounded.
Unknown command.
You slash the two-headed ogre!
The two-headed ogre is almost dead.
You recover from your berserk rage.
The two-headed ogre hits you with a giant club!!
* * * LOW HITPOINT WARNING * * *
The two-headed ogre closely misses you.
The ogre mage hits you but does no damage.
You slash the two-headed ogre!
You kill the two-headed ogre!
Trog accepts your kill. The ogre mage casts a spell at you.
The bolt of fire hits you! You resist.
You die...

..........##
########...#
....####..#
......##..#
.......#))#
.......)).#
.....).)O.#
.......#).#
......##@.#
....## #))#
#### #)..#
).....
...)..#.
...))....#.
......... ..
.........#
..


You could see an ogre mage.

Vanquished Creatures
  An orc warlord (Orc:2)
  A very ugly thing (D:11)
  A stone giant (Orc:1)
  The ghost of troglodite the Fighter, a journeyman DsBe of Trog (Orc:2)
  18 two-headed ogres
  2 ogre magi (Orc:2)
  2 wizards (D:11)
  The ghost of Monsterracer the Arsonist, a novice DEFE of Vehumet (D:7)
  A necromancer (IceCv)
  A cyclops (D:10)
  7 ugly things (D:11)
  An ice statue (IceCv)
  A centaur zombie (D:12)
  Maurice (D:8)
  8 freezing wraiths (IceCv)
  A troll (D:10)
  2 hippogriffs
  4 slime creatures (D:8)
  6 yaks (D:12)
  3 wraiths (D:11)
  A human (D:7)
  4 hogs (D:7)
  3 basilisks (D:11)
  2 wargs (Orc:2)
  2 water moccasins
  20 orc warriors
  4 porcupines (D:11)
  6 sky beasts
  12 ice beasts
  A phantom (D:7)
  5 black bears (D:11)
  23 ogres
  An eye of draining (D:7)
  2 necrophages
  5 centaurs
  A big kobold (D:10)
  8 bullfrogs
  A water moccasin skeleton (D:10)
  3 scorpions
  6 killer bees
  A swamp dragon simulacrum (IceCv)
  An elephant simulacrum (IceCv)
  8 wights
  2 crimson imps
  5 draconian simulacra (IceCv)
  2 quasits
  8 hounds
  2 centaur skeletons
  3 jellies
  Crazy Yiuf (D:5)
  A gnoll shaman (D:6)
  A bullfrog skeleton (D:7)
  9 orc priests
  Jessica (D:3)
  3 iguanas
  24 orc wizards
  A polar bear simulacrum (IceCv)
  5 troll simulacra (IceCv)
  10 worker ants
  Terence (D:3)
  2 spriggan simulacra (IceCv)
  A wolf simulacrum (IceCv)
  2 centaur simulacra (IceCv)
  A hound zombie (D:10)
  3 hound skeletons
  A worker ant zombie (D:5)
  4 gnolls (D:6)
  6 adders
  5 naga simulacra (IceCv)
  An ogre simulacrum (IceCv)
  3 shadow imps
  12 white imps (IceCv)
  An ooze (D:3)
  2 worms
  2 dart slugs
  5 leopard geckos
  74 orcs
  17 giant cockroaches
  5 goblins
  10 hobgoblins
  6 jackals
  5 quokkas
  9 bats
  4 frilled lizards
  12 kobolds
  5 rats
  A butterfly (D:6)
  A fungus (D:11)
  3 plants (D:11)
465 creatures vanquished.

Vanquished Creatures (collateral kills)
  Josephine (D:11)
  An ogre mage (Orc:2)
  2 two-headed ogres (Orc:2)
  A manticore (D:12)
  An ugly thing (D:11)
  2 freezing wraiths (IceCv)
  A wraith (D:11)
  An orc warrior (D:12)
  5 ogres (Orc:2)
  An orc wizard (D:12)
  An orc priest (Orc:2)
  3 orcs
20 creatures vanquished.

Vanquished Creatures (others)
  A centaur (D:12)
  A fungus (D:11)
  A plant (D:11)
3 creatures vanquished.

Grand Total: 488 creatures vanquished

Notes
Turn   | Place    | Note
-------+----------+-------------------------------------------
     0 | D:1      | troglodite the Demonspawn Berserker began the quest for the Orb.
     0 | D:1      | Reached XP level 1. HP: 18/18 MP: 1/1
   176 | D:1      | Gained mutation: You have a pair of small horns on your head. [demonic ancestry]
   176 | D:1      | Reached XP level 2. HP: 23/24 MP: 2/2
   696 | D:1      | Reached XP level 3. HP: 29/29 MP: 3/3
  1719 | D:2      | Reached ** piety under Trog
  2098 | D:2      | Found a shattered altar of Ashenzari.
  2098 | D:2      | Found a radiant altar of Vehumet.
  2201 | D:3      | Noticed Jessica
  2202 | D:3      | Noticed Terence
  2208 | D:3      | Killed Jessica
  2208 | D:3      | Gained mutation: When hurt, damage is shared between your health and your magic reserves. [demonic ancestry]
  2208 | D:3      | Reached XP level 4. HP: 37/37 MP: 4/4
  2213 | D:3      | Killed Terence
  2213 | D:3      | Gained mutation: You are surrounded by a mild repulsion field. (EV +2) [demonic ancestry]
  2213 | D:3      | Reached XP level 5. HP: 39/42 MP: 3/5
  3419 | D:4      | Noticed an ogre
  3424 | D:4      | Killed an ogre
  3424 | D:4      | Reached skill level 1 in Stealth
  3425 | D:4      | Reached XP level 6. HP: 49/49 MP: 6/6
  3601 | D:4      | Found a bloodstained altar of Trog.
  3630 | D:4      | Found a shadowy altar of Dithmenos.
  3630 | D:4      | Found a basalt altar of Yredelemnul.
  3687 | D:4      | Noticed a water moccasin
  3696 | D:4      | Killed a water moccasin
  3837 | D:4      | Gained mutation: You have a pair of horns on your head. [demonic ancestry]
  3837 | D:4      | Reached XP level 7. HP: 39/55 MP: 7/7
  3985 | D:5      | Entered Level 5 of the Dungeon
  4004 | D:5      | Reached skill level 5 in Fighting
  4082 | D:5      | Reached skill level 5 in Long Blades
  4089 | D:5      | Reached *** piety under Trog
  4137 | D:5      | Found a stormy altar of Qazlal.
  4278 | D:5      | Found Noygo's Distillery.
  4282 | D:5      | Bought a potion of heal wounds for 50 gold pieces
  4530 | D:5      | Found an iron altar of Okawaru.
  4609 | D:5      | Found a runed door.
  4613 | D:5      | Noticed Crazy Yiuf
  4616 | D:5      | Killed Crazy Yiuf
  4736 | D:5      | Found a runed door.
  4748 | D:5      | Found a runed door.
  4774 | D:5      | Reached XP level 8. HP: 54/63 MP: 6/8
  5260 | D:6      | Found Soasch's Food Shop.
  5260 | D:6      | Found Kaarup's Antique Weapon Shoppe.
  5263 | D:6      | Found a sparkling altar of Nemelex Xobeh.
  5277 | D:6      | Reached skill level 5 in Armour
  5356 | D:6      | Bought a fine hand axe for 176 gold pieces
  5356 | D:6      | Identified the +7 hand axe of Irrepressible Laughter {drain, rElec rPois Stlth+} (You bought it in a shop on level 6 of the Dungeon)
  5377 | D:6      | Received a gift from Trog
  5409 | D:6      | Found Woip's Antique Armour Shoppe.
  5567 | D:6      | Found Lixej's Food Shoppe.
  5739 | D:6      | Found a staircase to the Ecumenical Temple.
  5767 | D:6      | Reached skill level 1 in Axes
  5782 | D:6      | Reached XP level 9. HP: 60/71 MP: 9/9
  6033 | D:7      | Reached **** piety under Trog
  6265 | D:7      | Noticed Monsterracer's ghost (novice DEFE)
  6588 | D:7      | Killed Monsterracer's ghost
  6588 | D:7      | Reached skill level 5 in Dodging
  6807 | D:7      | Gained mutation: You have a pair of large horns on your head. [demonic ancestry]
  6807 | D:7      | Reached XP level 10. HP: 67/79 MP: 8/10
  7129 | D:8      | Noticed Maurice
  7149 | D:8      | Killed Maurice
  7418 | D:8      | Reached skill level 5 in Axes
  7431 | D:8      | Reached skill level 1 in Shields
  7729 | D:8      | Found a hide-covered altar of Uskayaw.
  8079 | D:9      | Reached ***** piety under Trog
  8213 | D:9      | Noticed a two-headed ogre
  8219 | D:9      | Killed a two-headed ogre
  8274 | D:9      | Received a gift from Trog
  8790 | D:10     | Entered Level 10 of the Dungeon
  8828 | D:10     | Reached XP level 11. HP: 79/87 MP: 9/11
  9184 | D:10     | Noticed a two-headed ogre
  9194 | D:10     | Killed a two-headed ogre
  9598 | D:11     | Noticed a red ugly thing
  9612 | D:11     | Killed a red ugly thing
  9902 | D:11     | Found a staircase to the Lair.
  9994 | D:11     | Noticed a cyan ugly thing
 10006 | D:11     | Killed a cyan ugly thing
 10023 | D:11     | Noticed a brown ugly thing
 10024 | D:11     | Noticed a purple ugly thing
 10025 | D:11     | Noticed a purple ugly thing
 10025 | D:11     | Noticed a cyan ugly thing
 10028 | D:11     | Noticed a green ugly thing
 10030 | D:11     | Noticed a green ugly thing
 10031 | D:11     | Killed a brown ugly thing
 10033 | D:11     | Killed a purple ugly thing
 10037 | D:11     | Killed a cyan ugly thing
 10044 | D:11     | Killed a green ugly thing
 10049 | D:11     | Killed a green ugly thing
 10051 | D:11     | Killed a green ugly thing
 10338 | D:11     | Noticed Josephine
 10373 | D:11     | Killed Josephine
 10686 | D:11     | Noticed a wizard
 10695 | D:11     | Killed a wizard
 10695 | D:11     | Reached skill level 5 in Shields
 10695 | D:11     | Gained mutation: Your flesh is cold resistant. (rC+) [demonic ancestry]
 10695 | D:11     | Reached XP level 12. HP: 96/96 MP: 12/12
 10710 | D:11     | Noticed a two-headed ogre
 10725 | D:11     | Killed a two-headed ogre
 11295 | D:11     | Noticed a white very ugly thing
 11308 | D:11     | Killed a white very ugly thing
 11724 | D:12     | Reached skill level 10 in Armour
 11865 | D:12     | Noticed a two-headed ogre
 11881 | D:12     | Killed a two-headed ogre
 12371 | D:12     | Found a staircase to the Orcish Mines.
 12630 | Orc:1    | Entered Level 1 of the Orcish Mines
 12630 | Orc:1    | Found a frozen archway.
 12635 | Orc:1    | Reached skill level 10 in Fighting
 12738 | IceCv    | Entered an ice cave
 12743 | IceCv    | Received a gift from Trog
 13820 | IceCv    | Found an ancient bone altar of Kikubaaqudgha.
 14310 | Orc:1    | Noticed a stone giant
 14319 | Orc:1    | Killed a stone giant
 14319 | Orc:1    | Gained mutation: You regenerate magic rapidly. [demonic ancestry]
 14319 | Orc:1    | Reached XP level 13. HP: 54/104 MP: 4/13
 14529 | Orc:2    | Entered Level 2 of the Orcish Mines
 14614 | Orc:2    | Found a staircase to the Elven Halls.
 14654 | Orc:2    | Noticed an orc warlord
 14677 | Orc:2    | HP: 2/104 [orc warlord/bolt (9)]
 14825 | Orc:2    | Noticed troglodite's ghost (journeyman DsBe)
 14844 | Orc:2    | Received a gift from Trog
 14849 | Orc:2    | Killed troglodite's ghost
 14876 | Orc:2    | Reached skill level 10 in Axes
 15076 | Orc:2    | Killed an orc warlord
 15107 | Orc:2    | HP: 5/106 [two-headed ogre/giant club (17)]
 15108 | Orc:2    | Killed from afar by an ogre mage

Skill      XL: |  1  2  3  4  5  6  7  8  9 10 11 12 13 |
---------------+----------------------------------------+-----
Long Blades    | 3 4 5 6 |  6.3
Armour         | 2 3 4 6 7 8 9 10 11 | 11.3
Dodging        | 2 3 4 5 6 7 8 |  8.7
Fighting       | 4 5 6 7 8 9 10 11 | 11.4
Stealth        | 1 2 |  2.0
Axes           | 1 4 6 7 9 10 | 10.6
Shields        | 2 5 6 7 |  7.4

Action                   |  1- 3 |  4- 6 |  7- 9 | 10-12 | 13-15 || total
-------------------------+-------+-------+-------+-------+-------++-------
Melee: Falchion          |   127 |   125 |   142 |       |       ||   394
       Headbutt          |    21 |    30 |    64 |   176 |    31 ||   322
       Hand axe          |       |       |   155 |   722 |   135 ||  1012
Invok: Berserk           |     1 |     1 |     7 |    22 |     3 ||    34
       Burn Spellbooks   |       |       |       |     2 |       ||     2
       Brothers in Arms  |       |       |       |     5 |     3 ||     8
  Use: Scroll            |       |     2 |     6 |     6 |     1 ||    15
       Potion            |       |       |       |       |     1 ||     1
 Stab: Distracted        |       |       |       |     1 |       ||     1
  Eat: Chunk             |     4 |     7 |     7 |    22 |     6 ||    46
       Ration            |       |       |     3 |     7 |       ||    10
Armor: Animal skin       |    19 |     4 |       |       |       ||    23
       Chain mail        |       |    33 |   162 |    29 |       ||   224
       Ring mail         |       |     2 |       |       |       ||     2
       Plate armour      |       |       |       |   299 |    31 ||   330
Dodge: Dodged            |    93 |    87 |   157 |   228 |    54 ||   619
Block: Shield            |       |       |       |   261 |       ||   261
       Buckler           |       |       |       |    24 |    41 ||    65
       Rpst.: Falchion   |    21 |    28 |    27 |       |       ||    76
